 Dungeon Sprint DCSS version 0.23-a0-175-g97aacdb306 (webtiles) character file.

92 ICC the Insei (level 4, -5/37 HPs)
             Began as a Gnoll Transmuter on Sept 17, 2018.
             Slain by a phantom (9 damage)
             ... in the Dungeon (Sprint IX: "|||||||||||||||||||||||||||||").
             The game lasted 00:01:19 (123 turns).

ICC the Insei (Gnoll Transmuter)                     Turns: 123, Time: 00:01:20

Health: -5/37      AC:  2    Str: 12    XL:     4   Next: 60%
Magic:  9/11       EV: 15    Int: 15    God:
Gold:   0          SH:  0    Dex: 17    Spells: 11/14 levels left

rFire    . . .     SeeInvis .     - Unarmed
rCold    . . .     Gourm    .   (no shield)
rNeg     . . .     Faith    .   b - +0 robe
rPois    .         Spirit   .   (no helmet)
rElec    .         Reflect  .   (no cloak)
rCorr    .         Harm     .   (no gloves)
MR       .....     NoTele   +   (no boots)
Stlth    ++........             (no amulet)
HPRegen  0.12/turn              (no ring)
MPRegen  0.12/turn              (no ring)

@: appendage (expiring), berserk cooldown, hasted and slowed
A: distributed training, fangs 1, horns 2, strong nose
a: End Transformation


You were in the Dungeon.
You were not hungry.
You had grown temporary horns.
You visited 1 branch

Inventory:

Missiles
 a - 12 arrows
Armour
 b - a +0 robe (worn)
Scrolls
 j - a scroll of blinking
Potions
 e - a potion of curing
 f - a potion of heal wounds
 h - 2 potions of magic
Comestibles
 d - a ration


   Skills:
 + Level 3.8 Fighting
 + Level 2.7 Short Blades
 + Level 2.7 Long Blades
 + Level 2.7 Axes
 + Level 2.7 Maces & Flails
 + Level 2.7 Polearms
 + Level 2.7 Staves
 + Level 2.7 Slings
 + Level 2.7 Bows
 + Level 2.7 Crossbows
 + Level 2.7 Throwing
 + Level 2.7 Armour
 + Level 5.4 Dodging
 + Level 2.7 Stealth
 + Level 2.7 Shields
 + Level 7.1 Unarmed Combat
 + Level 5.7 Spellcasting
 + Level 2.2 Conjurations
 + Level 2.2 Hexes
 + Level 2.2 Charms
 + Level 2.2 Summonings
 + Level 2.2 Necromancy
 + Level 2.2 Translocations
 + Level 4.4 Transmutations
 + Level 2.2 Fire Magic
 + Level 2.2 Ice Magic
 + Level 2.2 Air Magic
 + Level 2.2 Earth Magic
 + Level 2.2 Poison Magic
 + Level 3.0 Invocations
 + Level 2.7 Evocations


You had 11 spell levels left.
You knew the following spells:

 Your Spells              Type           Power        Failure   Level  Hunger
a - Beastly Appendage     Tmut           ###...       2%          1    None
b - Sticks to Snakes      Tmut           ###.....     3%          2    #......

Your spell library contained the following spells:

 Spells                   Type           Power        Failure   Level  Hunger
 Spider Form              Tmut/Pois      ##........   12%         3    ###....
 Ice Form                 Ice/Tmut       ##......     36%         4    ####...
 Blade Hands              Tmut           ###.......   56%         5    ######.


Dungeon Overview and Level Annotations

Branches:
Dungeon (1/1)

Altars:


Innate Abilities, Weirdness & Mutations

Your experience applies equally to all skills.
You have very sharp teeth.
Your uncanny sense of smell can sniff out nearby items.
You have a pair of horns on your head.


Message History

The orc misses you.
You hit the orc but do no damage. You punch the orc.
The orc is heavily wounded.
The orc misses you.
You hit the orc.
The orc is severely wounded.
The orc hits you with a short sword.
* * * LOW HITPOINT WARNING * * *
You hit the phantom but do no damage. Your headbutt misses the phantom.
You bite the phantom, but do no damage.
The phantom is moderately damaged.
Your transformation is almost over.
The phantom misses you.
You closely miss the phantom.
The phantom is moderately damaged.
The orc closely misses you. The phantom barely misses you.
You closely miss the phantom. You punch the phantom.
The phantom is heavily damaged.
The orc misses you. The phantom hits you!
You die...

▓<▓
▓.▓
▓.▓
▓.▓
▓†▓
▓.▓
▓)▓
▓W▓
∆
▓@▓
∆
▓o▓
∆
▓c▓
∆
▓o▓
∆
▓.▓
∆
▓.▓
∆
▓.▓
∆
▓.▓
∆
▓+▓


You could see a phantom, a centaur and 2 orcs.

Vanquished Creatures
  An ogre (D)
  An ooze (D)
  2 hobgoblins (D)
  2 rats (D)
6 creatures vanquished.

Notes
Turn   | Place    | Note
-------+----------+-------------------------------------------
     0 | D        | ICC the Gnoll Transmuter began the quest for the Orb.
     0 | D        | Reached XP level 1. HP: 17/17 MP: 6/6
    20 | D        | Reached skill level 5 in Spellcasting
    23 | D        | Reached skill level 1 in Short Blades
    23 | D        | Reached skill level 1 in Long Blades
    23 | D        | Reached skill level 1 in Axes
    23 | D        | Reached skill level 1 in Maces & Flails
    23 | D        | Reached skill level 1 in Polearms
    23 | D        | Reached skill level 1 in Staves
    23 | D        | Reached skill level 1 in Slings
    23 | D        | Reached skill level 1 in Bows
    23 | D        | Reached skill level 1 in Crossbows
    23 | D        | Reached skill level 1 in Throwing
    23 | D        | Reached skill level 1 in Armour
    23 | D        | Reached skill level 1 in Stealth
    23 | D        | Reached skill level 1 in Shields
    23 | D        | Reached skill level 1 in Invocations
    23 | D        | Reached skill level 1 in Evocations
    23 | D        | Reached XP level 2. HP: 17/23 MP: 8/8
   104 | D        | Learned a level 2 spell: Sticks to Snakes
   105 | D        | Noticed a phantom
   105 | D        | Noticed an ogre
   105 | D        | Noticed a centaur
   114 | D        | Killed an ogre
   114 | D        | Reached skill level 5 in Dodging
   114 | D        | Reached skill level 7 in Unarmed Combat
   114 | D        | Reached XP level 3. HP: 19/30 MP: 8/10
   114 | D        | Reached XP level 4. HP: 24/37 MP: 8/11
   123 | D        | Slain by a phantom

Vault maps used:
D:        linesprint

Skill      XL: |  1  2 |
---------------+-------+-----
Spellcasting   | 5 |  5.7
Short Blades   | 1 2 |  2.7
Long Blades    | 1 2 |  2.7
Axes           | 1 2 |  2.7
Maces & Flails | 1 2 |  2.7
Polearms       | 1 2 |  2.7
Staves         | 1 2 |  2.7
Slings         | 1 2 |  2.7
Bows           | 1 2 |  2.7
Crossbows      | 1 2 |  2.7
Throwing       | 1 2 |  2.7
Armour         | 1 2 |  2.7
Stealth        | 1 2 |  2.7
Shields        | 1 2 |  2.7
Invocations    | 1 3 |  3.0
Evocations     | 1 2 |  2.7
Fighting       | 3 |  3.8
Dodging        | 5 |  5.4
Unarmed Combat | 7 |  7.1
Conjurations   | 2 |  2.2
Hexes          | 2 |  2.2
Charms         | 2 |  2.2
Summonings     | 2 |  2.2
Necromancy     | 2 |  2.2
Translocations | 2 |  2.2
Transmutations | 4 |  4.4
Fire Magic     | 2 |  2.2
Ice Magic      | 2 |  2.2
Air Magic      | 2 |  2.2
Earth Magic    | 2 |  2.2
Poison Magic   | 2 |  2.2

Action                   |  1- 3 |  4- 6 || total
-------------------------+-------+-------++-------
Melee: Unarmed           |    24 |     7 ||    31
       Bite              |     4 |     1 ||     5
       Headbutt          |     4 |       ||     4
       Punch             |       |     2 ||     2
 Cast: Beastly Appendage |     2 |       ||     2
  Use: Potion            |     2 |       ||     2
Armor: Robe              |     3 |       ||     3
Dodge: Dodged            |     9 |     7 ||    16

Table legend:
 A = Non-vault XP
 B = Vault XP
 C = Vault XP percentage of total XP
 D = Non-vault monster count
 E = Vault monster count
 F = Vault count percentage of total count
                 A         B        C        D         E       F
            +---------+---------+-------+---------+---------+-------
      Total |       0 |     132 | 100.0 |       0 |       6 | 100.0
            +---------+---------+-------+---------+---------+-------
          D |       0 |     132 | 100.0 |       0 |       6 | 100.0
            +---------+---------+-------+---------+---------+-------
